[Event "Titled Tuesday Blitz May 2 Early 2023"]
[White "Ohanyan, Emin"]
[Black "Lopez Gracia, Fernando"]
[WhiteFideId "13312022"]
[BlackFideId "2207184"]
[WhiteElo "2402"]
[BlackElo "2255"]
[Result "1-0"]
[Round "01"]
[TimeControl "180+2"]
[Date "2023.05.02"]
[WhiteClock "0:00:00"]
[BlackClock "0:00:00"]

1. e4 e5 2. Nc3 Nf6 3. Bc4 Bc5 4. d3 O-O 5. f4 d5 6. Nxd5 Be6 7. Nf3 Bxd5 8. Bxd5 Nxd5 9. exd5 exf4 10. d4 Re8+ 11. Kf2 Bd6 12. c4 b6 13. Re1 Nd7 14. Rxe8+ Qxe8 15. Qe2 Qxe2+ 16. Kxe2 Re8+ 17. Kd3 f6 18. h4 g6 19. Bd2 h6 20. b4 g5 21. c5 Bf8 22. c6 Nb8 23. b5 Kf7 24. a4 a6 25. Rh1 g4 26. Nh2 g3 27. Nf3 Bd6 28. h5 Rd8 29. Rh4 axb5 30. axb5 Ke7 31. Kc4 Nd7 32. cxd7 Ra8 33. Bxf4 Ra4+ 34. Kd3 Ra3+ 35. Ke4 Kxd7 36. Rg4 Bxf4 37. Kxf4 Kd6 38. Kxg3 Kxd5 39. Rg6 Ke6 40. Rxh6 Rb3 41. Rh7 Rxb5 42. h6 c5 43. Rh8 Kf7 44. dxc5 bxc5 45. Kg4 Kg6 46. Nh4+ Kf7 47. Rc8 Rb4+ 48. Kh5 Rd4 49. h7 Rd5+ 50. Kh6 f5 51. h8=Q Ke6 52. Kg6 Rd6 53. Nxf5 Kd5+ 54. Nxd6 Ke6 55. Qf6+ Kd5 56. Qf5+ Kxd6 57. Qxc5+ Kd7 58. Qf5+ Kd6 59. Qf6+ Kd7 60. Qc6+ Ke7 61. Re8# 1-0


[Site "https://www.chess.com"]

[Event "Titled Tuesday Blitz May 2 Early 2023"]
[White "Pasti, Aron"]
[Black "Bacrot, Etienne"]
[WhiteFideId "785857"]
[BlackFideId "605506"]
[WhiteElo "2173"]
[BlackElo "2663"]
[Result "0-1"]
[Round "01"]
[TimeControl "180+2"]
[Date "2023.05.02"]
[WhiteClock "0:00:00"]
[BlackClock "0:00:01"]

1. e4 c5 2. d4 cxd4 3. c3 dxc3 4. Nxc3 Nc6 5. Nf3 e6 6. Bc4 Bb4 7. O-O Nge7 8. Bf4 a6 9. e5 Ng6 10. Bg5 Qa5 11. Ne4 Ncxe5 12. Nxe5 Qxe5 13. Re1 Bxe1 14. Qxe1 f6 15. Bd2 d5 16. Bc3 Qxe4 0-1


[Site "https://www.chess.com"]

[Event "Titled Tuesday Blitz May 2 Early 2023"]
[White "Stanojevic, Ilija"]
[Black "Mikhailovsky, Vladimir"]
[WhiteFideId "959995"]
[BlackFideId "34105414"]
[WhiteElo "2138"]
[BlackElo "2275"]
[Result "0-1"]
[Round "01"]
[TimeControl "180+2"]
[Date "2023.05.02"]
[WhiteClock "0:00:00"]
[BlackClock "0:00:00"]

1. d4 d5 2. c4 e6 3. Nf3 Nf6 4. g3 Bb4+ 5. Nbd2 O-O 6. Bg2 dxc4 7. Qc2 b5 8. a4 c6 9. axb5 cxb5 10. Ng5 h6 11. h4 g6 12. Bxa8 hxg5 13. hxg5 Nh7 14. Kf1 Nxg5 15. Nf3 Nxf3 16. Bxf3 Qxd4 17. Be3 Qf6 18. Rxa7 Nd7 19. Qd1 Rd8 20. Ra8 Ne5 21. Bd4 Bc5 22. Bb7 Bxd4 23. e3 Bb6 24. Rxc8 Rxc8 25. Bxc8 Bxe3 26. Qe2 Bd4 27. Kg2 Nd3 28. Ba6 Qf5 29. Rf1 Nxb2 30. Bxb5 Qxb5 31. Rh1 Qd5+ 32. f3 Nd3 33. Qa2 Kg7 34. Qa5 Qxa5 35. Rf1 Qd2+ 36. Kh3 Qe3 37. Kh4 c3 0-1


[Site "https://www.chess.com"]

[Event "Titled Tuesday Blitz May 2 Early 2023"]
[White "Baches Garcia, Guillermo"]
[Black "Guseinov, Gadir"]
[WhiteFideId "2209764"]
[BlackFideId "13401378"]
[WhiteElo "2334"]
[BlackElo "2573"]
[Result "1-0"]
[Round "01"]
[TimeControl "180+2"]
[Date "2023.05.02"]
[WhiteClock "0:00:00"]
[BlackClock "0:00:00"]

1. e4 c5 2. Nf3 g6 3. h4 Nf6 4. e5 Ng4 5. d4 cxd4 6. Qxd4 h5 7. e6 f6 8. Bd3 Rg8 9. exd7+ Qxd7 10. Qc4 Qe6+ 11. Kf1 Qxc4 12. Bxc4 e6 13. Nc3 Nc6 14. Bf4 Rg7 15. Re1 e5 16. Nd5 Bf5 17. Nxf6+ Nxf6 18. Nxe5 Re7 19. Bb5 Rc8 20. f3 Bg7 21. Kf2 Nd5 22. Bg3 a6 23. Nxc6 bxc6 24. Bxa6 Rd8 25. Rxe7+ Kxe7 26. Re1+ Kf7 27. c3 Bf8 28. Bb7 Bc5+ 29. Ke2 Ne7 30. Rd1 Rxd1 31. Kxd1 Bd3 32. b4 Ba7 33. a4 Ke8 34. Bd6 Nd5 35. Bxc6+ Kd8 36. Bxd5 Bf1 37. g4 Kd7 38. Bc5 Bb8 39. gxh5 gxh5 40. Bf7 Kc6 41. Bxh5 Kd5 42. Bg4 Kc4 43. Bd4 Bf4 44. a5 Kd3 45. a6 Be2+ 46. Ke1 Bg3+ 47. Bf2 Be5 48. Bf5+ Kxc3 49. Kxe2 1-0


[Site "https://www.chess.com"]

[Event "Titled Tuesday Blitz May 2 Early 2023"]
[White "Djordjevic, Vuk"]
[Black "Xu, Daniel"]
[WhiteFideId "902098"]
[BlackFideId "2627345"]
[WhiteElo "2452"]
[BlackElo "1980"]
[Result "1-0"]
[Round "01"]
[TimeControl "180+2"]
[Date "2023.05.02"]
[WhiteClock "0:00:01"]
[BlackClock "0:00:00"]

1. d4 Nf6 2. Bg5 d5 3. Bxf6 exf6 4. e3 Bd6 5. c4 dxc4 6. Bxc4 O-O 7. Nc3 c6 8. Nf3 f5 9. O-O Be6 10. Bxe6 fxe6 11. Qb3 Qe7 12. e4 Na6 13. exf5 Rxf5 14. Rfe1 Nc7 15. Qxb7 Rxf3 16. gxf3 Qh4 17. Qxc6 Qxh2+ 18. Kf1 Rf8 19. Ke2 Bg3 20. Ne4 Bf4 21. Rh1 Qg2 22. Rag1 Qxg1 23. Rxg1 1-0


[Site "https://www.chess.com"]

[Event "Titled Tuesday Blitz May 2 Early 2023"]
[White "Foerster-Yialamas, Lucas"]
[Black "Siva Mahadevan"]
[WhiteFideId "30901774"]
[BlackFideId "25043153"]
[WhiteElo "2067"]
[BlackElo "2249"]
[Result "0-1"]
[Round "01"]
[TimeControl "180+2"]
[Date "2023.05.02"]
[WhiteClock "0:00:01"]
[BlackClock "0:00:01"]

1. e4 c5 2. Nf3 Nc6 3. d4 cxd4 4. Nxd4 Nf6 5. Nc3 d6 6. Bg5 e6 7. Qd2 a6 8. O-O-O Bd7 9. h4 b5 10. g4 Ne5 11. Bxf6 gxf6 12. Rg1 h5 13. gxh5 Rxh5 14. Rg8 Qb6 15. f4 Ng6 16. f5 Ne5 17. fxe6 fxe6 18. Ndxb5 axb5 19. Bxb5 Bxb5 20. Nxb5 Qxb5 21. Qxd6 Kf7 22. Rdg1 Bh6+ 23. Kb1 Rxg8 24. Rxg8 Qf1+ 0-1


[Site "https://www.chess.com"]

[Event "Titled Tuesday Blitz May 2 Early 2023"]
[White "Acor, Corey"]
[Black "Kukula, Pawel"]
[WhiteFideId "2024861"]
[BlackFideId "1115081"]
[WhiteElo "2341"]
[BlackElo "2012"]
[Result "1-0"]
[Round "01"]
[TimeControl "180+2"]
[Date "2023.05.02"]
[WhiteClock "0:00:00"]
[BlackClock "0:00:00"]

1. e4 c5 2. Nc3 Nc6 3. g3 g6 4. Bg2 Bg7 5. d3 d6 6. Be3 e5 7. f4 Nge7 8. Nf3 O-O 9. fxe5 Nxe5 10. Nxe5 Bxe5 11. O-O f5 12. Bg5 Be6 13. Qd2 Qd7 14. Rae1 Rae8 15. Bh6 Rf7 16. Kh1 Kh8 17. a3 a6 18. Bf4 Bg7 19. h3 fxe4 20. Nxe4 Bd5 21. Kh2 Bxe4 22. dxe4 Nc6 23. Qxd6 Bxb2 24. Qxc5 Bd4 25. Qd5 Qc8 26. Qxf7 1-0


[Site "https://www.chess.com"]

[Event "Titled Tuesday Blitz May 2 Early 2023"]
[White "Sethuraman, S.P."]
[Black "Srebrnic, Marko"]
[WhiteFideId "5021596"]
[BlackFideId "14603616"]
[WhiteElo "2543"]
[BlackElo "2341"]
[Result "1-0"]
[Round "01"]
[TimeControl "180+2"]
[Date "2023.05.02"]
[WhiteClock "0:00:00"]
[BlackClock "0:00:00"]

1. c4 Nf6 2. Nc3 d6 3. d4 Bf5 4. g3 Ne4 5. Bg2 Nxc3 6. bxc3 Bc8 7. e4 e5 8. Ne2 Be7 9. O-O O-O 10. f4 Bg4 11. h3 Bxe2 12. Qxe2 Nd7 13. c5 exd4 14. cxd6 Bxd6 15. cxd4 c6 16. Bb2 Re8 17. Rad1 Bf8 18. Kh2 Nb6 19. f5 f6 20. Bf3 Kh8 21. e5 Nd5 22. Bh5 Qa5 23. Bxe8 Rxe8 24. Ba1 Qa3 25. Rd3 Qa6 26. Rd2 Qa3 27. Qh5 Rd8 28. Re2 Qd3 29. Qf3 Qc4 30. e6 Be7 31. Rfe1 a5 32. a3 a4 33. Bb2 Qb5 34. Bc1 Qc4 35. Re4 Qc2+ 36. Kh1 b5 37. Rh4 Qc3 38. Qe2 Qxg3 39. Qh5 Qxe1+ 40. Kg2 Qe2+ 41. Qxe2 1-0


[Site "https://www.chess.com"]

[Event "Titled Tuesday Blitz May 2 Early 2023"]
[White "Ljukin, Sergei"]
[Black "Maksimovic, Bojan"]
[WhiteFideId "14102200"]
[BlackFideId "14408120"]
[WhiteElo "2312"]
[BlackElo "2468"]
[Result "0-1"]
[Round "01"]
[TimeControl "180+2"]
[Date "2023.05.02"]
[WhiteClock "0:00:00"]
[BlackClock "0:00:00"]

1. e4 g6 2. d4 Nf6 3. Nc3 d5 4. e5 Ne4 5. Nxe4 dxe4 6. c3 c5 7. Ne2 Nc6 8. Be3 Bg7 9. Ng3 cxd4 10. cxd4 Qa5+ 11. Qd2 Qxd2+ 12. Kxd2 O-O 13. Bb5 Rd8 14. Bxc6 bxc6 15. Ke2 Bg4+ 16. f3 exf3+ 17. gxf3 Be6 18. Rhc1 Bd5 19. Rc5 f6 20. f4 fxe5 21. dxe5 e6 22. Rc3 Rf8 23. Rf1 Rf7 24. Bc5 Bh6 25. Ke3 Rb8 26. b3 Bg7 27. Ne4 Bxe5 28. Rc2 Bg7 29. Rd1 e5 30. fxe5 Bxe5 31. Bd6 Bxd6 32. Nxd6 Rf6 33. Nc4 Rbf8 34. Kd4 Rf2 35. Rxf2 Rxf2 36. Rd2 Rf6 37. Kc5 Kg7 38. Ne5 g5 39. Rd3 h5 40. a4 g4 41. b4 Bf3 42. Rd7+ Kh6 43. Rxa7 h4 44. Rf7 Rxf7 45. Nxf7+ Kg6 46. Ne5+ Kf5 0-1


[Site "https://www.chess.com"]

[Event "Titled Tuesday Blitz May 2 Early 2023"]
[White "Livaic, Leon"]
[Black "Seletsky, Grigory"]
[WhiteFideId "14531534"]
[BlackFideId "14112191"]
[WhiteElo "2509"]
[BlackElo "2490"]
[Result "1-0"]
[Round "01"]
[TimeControl "180+2"]
[Date "2023.05.02"]
[WhiteClock "0:00:01"]
[BlackClock "0:00:00"]

1. d4 c6 2. c4 d5 3. cxd5 cxd5 4. Bf4 Nc6 5. e3 Nf6 6. Nc3 a6 7. Be2 Bf5 8. Nf3 e6 9. Qb3 Qd7 10. O-O Be7 11. Na4 Na5 12. Qd1 Qd8 13. Rc1 Nc6 14. Qb3 Ra7 15. Ne5 Na5 16. Qb6 Qxb6 17. Nxb6 Nc6 18. Nxc6 bxc6 19. Rxc6 O-O 20. Nc8 Rd7 21. Nxe7+ Rxe7 22. Bd6 Rd7 23. Bxf8 Kxf8 24. Rfc1 Ne4 25. Rc8+ Ke7 26. R1c7 a5 27. Rxd7+ Kxd7 28. Ra8 1-0


[Site "https://www.chess.com"]

[Event "Titled Tuesday Blitz May 2 Early 2023"]
[White "Ramirez Vido, Robert Yorisan"]
[Black "Kravtsiv, Martyn"]
[WhiteFideId "3513823"]
[BlackFideId "14113147"]
[WhiteElo "2015"]
[BlackElo "2695"]
[Result "0-1"]
[Round "01"]
[TimeControl "180+2"]
[Date "2023.05.02"]
[WhiteClock "0:00:00"]
[BlackClock "0:00:01"]

1. f4 g6 2. Nf3 Bg7 3. g3 b6 4. d3 Bb7 5. Bg2 d6 6. e4 Nd7 7. O-O e6 8. c3 Ne7 9. Re1 O-O 10. Be3 c5 11. Bf2 Qc7 12. d4 Rac8 13. Nbd2 cxd4 14. cxd4 Qc2 15. Qxc2 Rxc2 16. Rec1 Rfc8 17. Rxc2 Rxc2 18. b3 Nf6 19. e5 dxe5 20. dxe5 Ng4 21. h3 Nxf2 22. Kxf2 Bxf3 23. Bxf3 Rxd2+ 24. Ke3 Rh2 25. Rc1 Rxh3 26. Kf2 Nf5 27. Kg2 Rxg3+ 0-1


[Site "https://www.chess.com"]

[Event "Titled Tuesday Blitz May 2 Early 2023"]
[White "Sai Han Thiha"]
[Black "Xu, Yi"]
[WhiteFideId "13012290"]
[BlackFideId "8605564"]
[WhiteElo "1954"]
[BlackElo "2471"]
[Result "0-1"]
[Round "01"]
[TimeControl "180+2"]
[Date "2023.05.02"]
[WhiteClock "0:00:00"]
[BlackClock "0:00:00"]

1. d4 Nf6 2. c4 g6 3. Nc3 Bg7 4. e4 d6 5. Nf3 O-O 6. Be2 e5 7. Be3 Ng4 8. Bg5 f6 9. Bc1 Nc6 10. O-O Nh6 11. Be3 Ng4 12. Bc1 Nh6 13. Be3 Bg4 14. c5 Bxf3 15. Bxf3 exd4 16. Bxd4 Nxd4 17. Qxd4 dxc5 18. Qxc5 c6 19. Rad1 Qc8 20. h3 Re8 21. Rd2 Bf8 22. Qc4+ Qe6 23. Qxe6+ Rxe6 24. Rd7 Re7 25. Rxe7 Bxe7 26. Rd1 Rd8 27. Rxd8+ Bxd8 28. Be2 Nf7 29. f4 Kf8 30. Kf2 Bb6+ 31. Kf3 Bd4 32. Bd3 Ke7 33. Nd1 Nd6 34. b3 b5 35. Ne3 a5 36. Nc2 Bc5 37. Ne3 Nb7 38. e5 fxe5 39. fxe5 Bd4 40. Ke4 Bb2 41. Ng4 Nc5+ 42. Ke3 h5 43. Nf2 Bxe5 44. Bxg6 h4 45. Nd3 Nd7 46. Be4 Kd6 47. Bf5 Bg3 48. Bxd7 Kxd7 49. a4 Kd6 50. Kd4 c5+ 51. Kc3 bxa4 52. Kc4 axb3 53. Kxb3 Kd5 54. Kc3 a4 55. Nc1 Be5+ 56. Kd3 c4+ 57. Ke3 a3 58. Na2 Bb2 59. Nb4+ Ke5 60. Na2 c3 61. Kd3 Kf4 62. Nb4 Kg3 63. Kc2 Kxg2 64. Kb1 Kxh3 65. Nd3 Kg2 66. Nf4+ Kg3 67. Ne2+ Kf3 68. Ng1+ Kg2 69. Ne2 h3 70. Nf4+ Kg3 71. Nxh3 Kxh3 72. Kc2 a2 0-1


[Site "https://www.chess.com"]

[Event "Titled Tuesday Blitz May 2 Early 2023"]
[White "Goltsev, Dmitry"]
[Black "Gurevich, Dmitry"]
[WhiteFideId "24176710"]
[BlackFideId "2000407"]
[WhiteElo "2336"]
[BlackElo "2506"]
[Result "1-0"]
[Round "01"]
[TimeControl "180+2"]
[Date "2023.05.02"]
[WhiteClock "0:00:00"]
[BlackClock "0:00:00"]

1. e4 c5 2. Nf3 d6 3. d4 cxd4 4. Nxd4 Nf6 5. Nc3 Nc6 6. Be2 g6 7. Be3 Bg7 8. O-O O-O 9. f4 Qb6 10. Na4 Qa5 11. Nc3 Qb6 12. Na4 Qc7 13. Bf3 a6 14. Nc3 e5 15. Nxc6 bxc6 16. fxe5 dxe5 17. Qe2 Re8 18. h3 Be6 19. Rfd1 Nd7 20. b3 a5 21. Na4 Rab8 22. Rd2 Bf8 23. Rad1 Bb4 24. c3 Be7 25. Qf2 Ba3 26. Nc5 Nxc5 27. Bxc5 Bxc5 28. Qxc5 Qb6 29. Qxb6 Rxb6 30. Rd6 Kf8 31. c4 a4 32. c5 Rb5 33. Rxc6 axb3 34. axb3 Rxb3 35. Ra1 Re7 36. Kh2 h5 37. Rb6 Rc3 38. Rc6 h4 39. Ra5 Rb7 40. Rb6 Rxc5 41. Ra8+ Rc8 42. Rxc8+ Bxc8 43. Rc6 Bd7 44. Rc5 Rb5 45. Rc7 Be6 46. Ra7 Kg7 47. Ra3 Kf6 48. Ra1 Kg5 49. Rf1 Rb2 50. Re1 Kf4 51. Rf1 Ke3 52. Re1+ Kf2 53. Rc1 Rd2 54. Rc5 Bb3 55. Rxe5 Bd1 56. Bxd1 Rxd1 57. Re7 f5 58. exf5 gxf5 59. Rf7 Rd5 60. Rh7 Rd4 61. Rh5 Rf4 62. Kh1 Kf1 63. Rh8 Rf2 64. Rg8 f4 65. Rg4 f3 66. gxf3 Rxf3 67. Rxh4 Rg3 68. Rf4+ Ke2 69. Kh2 Rg7 70. h4 Ke3 71. Rf8 Ke4 72. Kh3 Ke5 73. h5 Ke6 74. Kh4 Rf7 75. Rg8 Kf6 76. h6 Re7 77. Rg4 Rh7 78. Kh5 1-0


[Site "https://www.chess.com"]

[Event "Titled Tuesday Blitz May 2 Early 2023"]
[White "Bochnicka, Vladimir"]
[Black "Pakleza, Zbigniew"]
[WhiteFideId "14943450"]
[BlackFideId "1119290"]
[WhiteElo "2094"]
[BlackElo "2410"]
[Result "1-0"]
[Round "01"]
[TimeControl "180+2"]
[Date "2023.05.02"]
[WhiteClock "0:00:00"]
[BlackClock "0:00:00"]

1. e4 d6 2. d4 Nf6 3. Nc3 c6 4. h3 b5 5. a3 e5 6. Be3 Nbd7 7. Nge2 Bb7 8. g4 g6 9. Bg2 Bg7 10. Qd2 O-O 11. Bh6 a5 12. O-O b4 13. Nd1 Bxh6 14. Qxh6 exd4 15. g5 Nh5 16. f4 c5 17. f5 Ne5 18. f6 Nd7 19. Ng3 Nhxf6 20. gxf6 Nxf6 21. e5 Nd7 22. Bxb7 Ra7 23. Bg2 dxe5 24. Nf2 f5 25. Rae1 bxa3 26. bxa3 Qc7 27. Bd5+ Kh8 28. Nfe4 Qd8 29. Ng5 Nf6 30. Ne6 Qe7 31. Qxf8+ Qxf8 32. Nxf8 Nxd5 33. Rxe5 Ne3 34. Re1 Kg7 35. R1xe3 dxe3 36. Ne6+ Kf6 37. Rxe3 Re7 38. Nf4 Rd7 39. Rd3 Rb7 40. Nge2 Rb2 41. Rc3 Ra2 42. Rxc5 g5 43. Nd3 Rxa3 44. Kf2 a4 45. Nd4 f4 46. Rf5+ Kg6 47. Ne5+ Kg7 48. Ne6+ Kh6 49. Rf6+ Kh5 50. Ng7+ Kh4 51. Rh6# 1-0


[Site "https://www.chess.com"]

[Event "Titled Tuesday Blitz May 2 Early 2023"]
[White "Ilamparthi A R"]
[Black "Davtyan, David Arm."]
[WhiteFideId "45015775"]
[BlackFideId "13310046"]
[WhiteElo "2348"]
[BlackElo "2274"]
[Result "1-0"]
[Round "01"]
[TimeControl "180+2"]
[Date "2023.05.02"]
[WhiteClock "0:00:00"]
[BlackClock "0:00:00"]

1. Nf3 d5 2. g3 e6 3. Bg2 Nf6 4. O-O Be7 5. d3 O-O 6. Nbd2 a5 7. e4 a4 8. a3 c5 9. Re1 Nc6 10. e5 Nd7 11. Nf1 Qc7 12. Bf4 b5 13. h4 b4 14. Ne3 bxa3 15. bxa3 Nd4 16. Nxd4 cxd4 17. Nxd5 exd5 18. e6 Bd6 19. exd7 Bxd7 20. Bxd5 Rac8 21. Bxd6 Qxd6 22. Bg2 Rfe8 23. Rxe8+ Rxe8 24. Qd2 h6 25. Bf3 Rc8 26. Kg2 Bc6 27. Qe2 Bxf3+ 28. Qxf3 Rxc2 29. Qa8+ Kh7 30. Qxa4 Qf6 31. Qxc2 1-0


[Site "https://www.chess.com"]

[Event "Titled Tuesday Blitz May 2 Early 2023"]
[White "Rottenwohrer Suarez, Juan"]
[Black "Dehtiarov, Roman"]
[WhiteFideId "32068182"]
[BlackFideId "14186640"]
[WhiteElo "2174"]
[BlackElo "2189"]
[Result "1-0"]
[Round "01"]
[TimeControl "180+2"]
[Date "2023.05.02"]
[WhiteClock "0:00:00"]
[BlackClock "0:00:00"]

1. Nf3 Nf6 2. g3 d5 3. Bg2 Bg4 4. O-O Nbd7 5. c4 e6 6. Nc3 c6 7. d3 Be7 8. h3 Bxf3 9. Bxf3 dxc4 10. dxc4 Ne5 11. Qb3 Nxf3+ 12. exf3 Qc8 13. Ne4 O-O 14. Bf4 Nxe4 15. fxe4 Bc5 16. Kg2 f6 17. Rad1 e5 18. Be3 Bxe3 19. Qxe3 Qe6 20. b3 Rfd8 21. Rxd8+ Rxd8 22. Qxa7 Qd7 23. Qe3 Qd2 24. Qxd2 Rxd2 25. Ra1 c5 26. Kf3 Kf7 27. Ke3 Rb2 28. Rd1 Ke7 29. Rd2 Rb1 30. h4 h5 31. Kd3 b6 32. Ke3 Ra1 33. Kf3 g6 34. Kg2 Rb1 35. f3 f5 36. exf5 gxf5 37. Re2 Kf6 38. Rd2 Ke6 39. Re2 Rd1 40. Kf2 Kf6 41. Kg2 Rd3 42. Kf2 Rd8 43. Ke3 Rg8 44. Kf2 Rg7 45. Rd2 Ke6 46. Rd8 Rb7 47. Rh8 1-0


[Site "https://www.chess.com"]

[Event "Titled Tuesday Blitz May 2 Early 2023"]
[White "Gharibyan, Mamikon"]
[Black "Omariev, Maksim"]
[WhiteFideId "13308300"]
[BlackFideId "4193423"]
[WhiteElo "2445"]
[BlackElo "2304"]
[Result "1-0"]
[Round "01"]
[TimeControl "180+2"]
[Date "2023.05.02"]
[WhiteClock "0:00:00"]
[BlackClock "0:00:00"]

1. e4 c5 2. Nf3 d6 3. d4 cxd4 4. Nxd4 Nf6 5. Nc3 a6 6. Be2 e6 7. g4 Be7 8. g5 Nfd7 9. Be3 Bxg5 10. Nxe6 fxe6 11. Qd2 Bxe3 12. Qxe3 O-O 13. O-O-O Qf6 14. Kb1 Qf4 15. Qh3 Nf6 16. Rhg1 Nc6 17. Bc4 d5 18. exd5 exd5 19. Qg2 g6 20. Bxd5+ Nxd5 21. Qxd5+ Qf7 22. Qg5 Be6 23. h4 Qf4 24. Qc5 Rf5 25. Qb6 Qb4 26. Qe3 Re8 27. a3 Qxh4 28. Qb6 Qe7 29. Rh1 Qf7 30. Ka1 Rxf2 31. Ne4 Rxc2 32. Nd6 Qg7 33. Nxe8 Qe5 34. Rhe1 Re2 35. Nf6+ Kf7 36. Qxb7+ Kxf6 37. Rf1+ Bf5 38. Qxc6+ Qe6 39. Qc3+ Ke7 40. Rfe1 Kf7 41. Qc7+ Kg8 42. Rd8+ 1-0


[Site "https://www.chess.com"]

[Event "Titled Tuesday Blitz May 2 Early 2023"]
[White "Castellanos Gomez, Alejandro"]
[Black "Sieciechowicz, Marcin"]
[WhiteFideId "22284141"]
[BlackFideId "1130170"]
[WhiteElo "2158"]
[BlackElo "2302"]
[Result "1-0"]
[Round "01"]
[TimeControl "180+2"]
[Date "2023.05.02"]
[WhiteClock "0:00:00"]
[BlackClock "0:00:00"]

1. d4 Nf6 2. Bf4 d5 3. e3 e6 4. Nd2 Bd6 5. Bg3 c5 6. c3 Qc7 7. Bd3 Nbd7 8. f4 a6 9. Ngf3 b5 10. O-O Bb7 11. Rc1 h6 12. Ne5 Ne4 13. Nxe4 dxe4 14. Bb1 Nf6 15. f5 exf5 16. Rxf5 O-O-O 17. a4 c4 18. axb5 axb5 19. b3 Bxe5 20. Bxe5 Qd7 21. Rf4 Nd5 22. Rxe4 f5 23. bxc4 bxc4 24. Rf4 Nxf4 25. exf4 Rhf8 26. Qe2 Qd5 27. Ba2 Ba6 28. Rb1 Kd7 29. Rb6 Qa5 30. Rd6+ Ke7 31. Rxd8 Kxd8 32. Bxc4 Qa1+ 33. Kf2 Bxc4 34. Qxc4 Qb2+ 35. Kg3 Qb7 36. d5 g5 37. Qc5 gxf4+ 38. Kxf4 Ke8 39. c4 Kf7 40. Qd6 Re8 41. Qf6+ Kg8 42. Qh8+ Kf7 43. Qg7# 1-0


[Site "https://www.chess.com"]

[Event "Titled Tuesday Blitz May 2 Early 2023"]
[White "Bacallao Alonso, Yusnel"]
[Black "Avazkhonov, Alikhon"]
[WhiteFideId "3507416"]
[BlackFideId "14208504"]
[WhiteElo "2561"]
[BlackElo "1739"]
[Result "1-0"]
[Round "01"]
[TimeControl "180+2"]
[Date "2023.05.02"]
[WhiteClock "0:00:00"]
[BlackClock "0:00:00"]

1. d4 Nf6 2. Nf3 e6 3. c4 Bb4+ 4. Nbd2 b6 5. g3 Bb7 6. Bg2 O-O 7. O-O d5 8. Ne5 Nbd7 9. Qa4 Bxd2 10. Bxd2 Nxe5 11. dxe5 Nd7 12. cxd5 Nxe5 13. Bc3 Bxd5 14. Rfd1 Qd6 15. e4 Bc6 16. Qb3 Qc5 17. Bb4 Qb5 18. a4 Qc4 19. Qxc4 Nxc4 20. Rdc1 b5 21. Bxf8 Kxf8 22. b3 Na5 23. axb5 Nxb3 24. bxc6 1-0


[Site "https://www.chess.com"]

[Event "Titled Tuesday Blitz May 2 Early 2023"]
[White "Koridze, Lile"]
[Black "Kovalenko, Igor"]
[WhiteFideId "13612514"]
[BlackFideId "14117908"]
[WhiteElo "2047"]
[BlackElo "2574"]
[Result "0-1"]
[Round "01"]
[TimeControl "180+2"]
[Date "2023.05.02"]
[WhiteClock "0:00:00"]
[BlackClock "0:00:01"]

1. d4 Nf6 2. c4 e6 3. Nf3 b6 4. g3 Bb7 5. Bg2 Bb4+ 6. Bd2 a5 7. O-O O-O 8. a3 Bxd2 9. Nbxd2 a4 10. Qc2 d6 11. e4 c5 12. e5 dxe5 13. dxe5 Nfd7 14. Rad1 h6 15. Ne4 Ra7 16. Nd6 Bxf3 17. Bxf3 Nxe5 18. Bg2 Rd7 19. Nb5 Nbc6 20. Qxa4 Nd4 21. Nxd4 Rxd4 22. Rxd4 Qxd4 23. b3 Qd6 24. Qb5 f5 25. Re1 f4 26. b4 Nd3 27. Rxe6 Qd4 28. Re8 Qxf2+ 29. Kh1 f3 30. Bh3 Qd4 31. Be6+ Kh7 32. Bf5+ Rxf5 0-1


[Site "https://www.chess.com"]

[Event "Titled Tuesday Blitz May 2 Early 2023"]
[White "Beerdsen, Thomas"]
[Black "Golubev, Mikhail"]
[WhiteFideId "1030108"]
[BlackFideId "14100983"]
[WhiteElo "2547"]
[BlackElo "2374"]
[Result "1-0"]
[Round "01"]
[TimeControl "180+2"]
[Date "2023.05.02"]
[WhiteClock "0:00:00"]
[BlackClock "0:00:00"]

1. e4 c5 2. Nf3 d6 3. d4 Nf6 4. Nc3 cxd4 5. Nxd4 g6 6. h3 Nc6 7. Nf3 Bg7 8. Bc4 O-O 9. O-O Bd7 10. Bg5 Rc8 11. Qe2 a6 12. Rad1 b5 13. Bb3 Qc7 14. Bxf6 exf6 15. Qd2 b4 16. Nd5 Qb8 17. Qf4 f5 18. exf5 Bxf5 19. Ba4 Qb7 20. Qxd6 Kh8 21. Bxc6 Rxc6 22. Qxb4 Qxb4 23. Nxb4 Rb6 24. c3 a5 25. Nd5 Rxb2 26. a4 Be4 27. Ng5 Bxd5 28. Rxd5 Bxc3 29. Rfd1 h6 30. Ne4 Bb4 31. g4 Kg7 32. h4 Re8 33. Ng3 Re7 34. h5 Rc7 35. Rd7 Rxd7 36. Rxd7 Bc5 37. Ne4 Bb4 38. hxg6 Kxg6 39. f4 Re2 40. f5+ Kg7 41. Ng3 Ra2 42. Nh5+ Kg8 43. Rd8+ Kh7 44. Rd7 Kg8 45. Rd8+ Kh7 46. Nf6+ Kg7 47. Ne8+ Kg8 48. Nc7+ Kg7 49. Nd5 Rxa4 50. f6+ Kh7 51. Rd7 Bc5+ 52. Kg2 Rxg4+ 53. Kf3 Rg8 54. Rxf7+ Kg6 55. Rc7 Rf8 56. Rxc5 a4 57. Ra5 Rd8 58. Ke4 Re8+ 59. Kd4 h5 60. Rxa4 h4 61. Ra7 Rh8 62. Rg7+ Kf5 63. f7 h3 64. Rg8 1-0


[Site "https://www.chess.com"]

[Event "Titled Tuesday Blitz May 2 Early 2023"]
[White "Pourkashiyan, Atousa"]
[Black "Kosakowski, Jakub"]
[WhiteFideId "12502014"]
[BlackFideId "1185080"]
[WhiteElo "2228"]
[BlackElo "2488"]
[Result "0-1"]
[Round "01"]
[TimeControl "180+2"]
[Date "2023.05.02"]
[WhiteClock "0:00:00"]
[BlackClock "0:00:00"]

1. e4 c5 2. Nf3 d6 3. d4 cxd4 4. Nxd4 Nf6 5. Nc3 a6 6. Bc4 e6 7. O-O Be7 8. Bb3 b5 9. Qf3 Qb6 10. Be3 Qb7 11. Qg3 b4 12. Na4 Nbd7 13. f3 O-O 14. Kh1 Ne5 15. Nb6 Rb8 16. Nxc8 Rfxc8 17. Bh6 Ng6 18. Be3 a5 19. a4 bxa3 20. Rxa3 d5 21. exd5 Nxd5 22. Bxd5 Qxd5 23. Rc3 Bd6 24. Rxc8+ Rxc8 25. Qf2 h6 26. b3 Qh5 27. g3 Ne7 28. c4 a4 29. Nb5 Bb8 30. bxa4 Rxc4 31. Rd1 Nd5 32. Ba7 Bxa7 33. Nxa7 Rxa4 34. Nc6 Ra2 35. Qxa2 Qxf3+ 36. Kg1 Qxd1+ 37. Kf2 Qh1 38. Ke2 Qxh2+ 0-1


[Site "https://www.chess.com"]

[Event "Titled Tuesday Blitz May 2 Early 2023"]
[White "Sokolovsky, Yahli"]
[Black "Liu, Casper"]
[WhiteFideId "2820242"]
[BlackFideId "1454153"]
[WhiteElo "2316"]
[BlackElo "2221"]
[Result "1-0"]
[Round "01"]
[TimeControl "180+2"]
[Date "2023.05.02"]
[WhiteClock "0:00:00"]
[BlackClock "0:00:00"]

1. b3 e5 2. Bb2 d6 3. e3 g6 4. d4 exd4 5. Qxd4 f6 6. Bc4 Bg7 7. Nc3 Ne7 8. Nf3 Nbc6 9. Qd2 a6 10. Nd5 Ne5 11. Nxe5 fxe5 12. O-O-O b5 13. Nxe7 bxc4 14. Qd5 Bd7 15. Nc6 Qc8 16. Qxc4 Be6 17. Qc3 a5 18. f4 Ra6 19. fxe5 Qa8 20. Nd4 Bxe5 21. Nxe6 Bxc3 22. Nxc7+ Kd7 23. Nxa8 Bxb2+ 24. Kxb2 Rhxa8 25. a4 Re8 26. Rd3 Rb6 27. Rf1 Re4 28. Rf7+ Ke6 29. Rxh7 Rxa4 30. Rd4 Rxd4 31. exd4 a4 32. Rh3 axb3 33. Rxb3 Ra6 34. Rg3 Kf5 35. c3 Ra8 36. Kc2 Re8 37. Kd3 Re1 38. Rf3+ Ke6 39. Re3+ 1-0


[Site "https://www.chess.com"]

[Event "Titled Tuesday Blitz May 2 Early 2023"]
[White "Storn, Justin"]
[Black "Milikow, Yoav"]
[WhiteFideId "30922720"]
[BlackFideId "2822237"]
[WhiteElo "2096"]
[BlackElo "2410"]
[Result "0-1"]
[Round "01"]
[TimeControl "180+2"]
[Date "2023.05.02"]
[WhiteClock "0:00:00"]
[BlackClock "0:00:00"]

1. d4 d5 2. c4 e6 3. Nc3 Nf6 4. Nf3 Bb4 5. cxd5 exd5 6. Bg5 O-O 7. e3 c6 8. Bd3 Bg4 9. O-O h6 10. Bh4 Nbd7 11. h3 Bh5 12. Bg3 Bxc3 13. bxc3 b5 14. a4 a6 15. axb5 axb5 16. Qb3 Bxf3 17. gxf3 Re8 18. Kh2 Nh5 19. Rxa8 Qxa8 20. Rg1 Nxg3 21. Rxg3 Qa4 22. Qb1 Nf8 23. f4 Re7 24. f5 f6 25. Bc2 Qa3 26. Bb3 Kh8 27. Qc2 Nh7 28. h4 Nf8 29. Kh3 Nd7 30. Ba2 Nb6 31. Bb3 Qa1 0-1


[Site "https://www.chess.com"]